Cogmind - Beta 9.2 @@@ ROGUE MODE // 2019.11.19 @ 14:46:22 Player: Cassie Rose Result: Self-destructed Performance ------------- Evolutions (1) 500 Regions Visited (3) 600 Robots Destroyed (28) 140 Value Destroyed (593) 593 Prototype IDs (2) 40 Alien Tech Used (0) 0 Bonus (14) 14 TOTAL SCORE: 1887 Bonus ------- Follower Combat Kills 14 Cogmind --------- Core Integrity 166/400 Matter 300/300 Energy 100/100 System Corruption 0% Temperature Cool (0) Movement Core (550) Ox10 Location -9/Materials Parts ------- > --- POWER (1) -------- (None) > --- PROPULSION (3) --- (None) > --- UTILITY (3) ------ High-capacity Storage Unit Signal Interpreter > --- WEAPON (2) ------- (None) > --- INVENTORY (12) --- Light Deuterium Engine Compact Wheel Compact Wheel Advanced Signal Interpreter Advanced Terrain Scanner Improved Trap Extractor Recalibrator Assault Rifle Mining Claw Peak State ------------ > --- POWER ------------ Light Deuterium Engine > --- PROPULSION ------- Light Treads Armored Treads > --- UTILITY ---------- High-capacity Storage Unit Signal Interpreter Light Armor Plating > --- WEAPON ----------- Heavy Particle Cannon Assault Rifle > --- INVENTORY -------- Wheel Wheel Compact Wheel Compact Wheel Advanced Signal Interpreter Advanced Terrain Scanner Improved Trap Extractor Recalibrator Assault Rifle Mining Claw Makeshift Axe [Rating: 16] Favorites ----------- Power Light Ion Engine Engine Light Ion Engine Propulsion Light Treads Treads Light Treads Utility High-capacity Storage Unit Device Improved Terrain Scanner Storage High-capacity Storage Unit Processor Signal Interpreter Protection Light Armor Plating Weapon Mining Claw Energy Gun EM Pulse Gun Energy Cannon Heavy Particle Cannon Ballistic Gun Assault Rifle Slashing Weapon Mining Claw Build | -11 -10 -10 -9 ------- Run | Scr Mat Min Mat Slots Evolved 2 | . . . 2 Power . | . . . . Propulsion 1 | . . . 1 Utility 1 | . . . 1 Weapon . | . . . . Parts Attached 38 | 7 19 9 3 Power 7 | 1 3 2 1 Engine 7 | 1 3 2 1 Core . | . . . . Reactor . | . . . . Propulsion 6 | 2 3 1 . Treads 6 | 2 3 1 . Leg . | . . . . Wheel . | . . . . Hover . | . . . . Flight . | . . . . Utility 12 | 2 6 3 1 Device 2 | 1 . 1 . Storage 3 | 1 2 . . Processor 1 | . . 1 . Hackware . | . . . . Protection 6 | . 4 1 1 Artifact . | . . . . Weapon 13 | 2 7 3 1 Energy Gun 4 | 1 2 1 . Energy Cannon 1 | . . 1 . Ballistic Gun 3 | 1 1 1 . Ballistic Cannon . | . . . . Launcher . | . . . . Special Weapon . | . . . . Impact Weapon . | . . . . Slashing Weapon 5 | . 4 . 1 Piercing Weapon . | . . . . Special Melee Weapon . | . . . . Unidentified Prototypes . | . . . . Parts Lost 12 | . 3 2 7 Power 2 | . 1 . 1 Propulsion 3 | . 1 . 2 Utility 3 | . 1 1 1 Weapon 4 | . . 1 3 Highest Loss Streak 7 | . 1 1 7 Average Slot Usage (%) 93 | . 96 90 77 Engine 13 | . 13 14 11 Treads 27 | . 27 28 17 Storage 13 | . 14 14 11 Processor 1 | . . 2 11 Protection 7 | . 11 2 7 Energy Gun 7 | . 7 8 . Energy Cannon 5 | . . 13 7 Ballistic Gun 7 | . 8 4 9 Slashing Weapon 7 | . 12 . 2 Naked Turns . | . . . . Heaviest Build 48 | 12 43 46 48 Greatest Support 40 | 40 40 40 40 Greatest Overweight (x) 2 | . 2 1 2 Average Overweight (x) . | . . 1 1 Largest Inventory Capacity 12 | 6 12 12 12 Average Capacity 11 | 5 11 12 12 Most Carried 12 | 6 12 12 12 Average Carried 10 | 4 9 11 9 Final Capacity 12 | 6 12 12 12 Final Carried 11 | 6 11 11 9 Class Distribution -------------------- 100% | Mutant Dominant Class ---------------- Mutant | -10/Materials Mutant | -10/Mines Mutant | -9/Materials Resources | -11 -10 -10 -9 ----------- Run | Scr Mat Min Mat Matter Collected 744 | 235 379 96 34 Remotely . | . . . . Salvage Created 877 | 126 560 98 93 Parts 43 | 8 27 4 4 Haulers Intercepted 1 | . 1 . . Recyclers Shooed . | . . . . Parts Field Recycled . | . . . . Retrieved Matter . | . . . . Parts Self-Destructed . | . . . . Prevented . | . . . . Kills | -11 -10 -10 -9 ------- Run | Scr Mat Min Mat Combat Hostiles Destroyed 19 | . 11 5 3 Melee 3 | . 2 . 1 Guns 13 | . 9 2 2 Cannons 3 | . . 3 . Classes Destroyed 10 | 2 6 2 . Tunneler 3 | 3 . . . Hauler 1 | . 1 . . Recycler 1 | 1 . . . Mechanic 1 | . 1 . . Operator 1 | . 1 . . Watcher 2 | . 2 . . Swarmer 5 | . 3 1 1 Grunt 10 | . 8 . 2 Demolisher 1 | . . 1 . Assembled 2 | . . 2 . Best Kill Streak 3 | 3 3 3 3 Combat Bots Only 3 | . 3 3 3 Max Kills in Single Turn 2 | 1 2 1 1 Gunslinging 1 | . 1 . . Exploded . | . . . . Melee 1 | . 1 . 1 Uniques/NPCs Destroyed 1 | . . 1 . YI-UF0 (-10/Mines) Combat | -11 -10 -10 -9 -------- Run | Scr Mat Min Mat Damage Taken 2279 | . 998 323 958 Core 415 | . 144 37 234 Absorbed by Shields . | . . . . Core Remaining (%) 63 | 100 . 27 . Volleys Fired 87 | 6 61 12 8 Largest 2 | 2 2 2 2 Hottest 115 | 60 85 115 95 Shots Fired 162 | 12 116 24 10 Gun 148 | 12 116 12 8 Cannon 14 | . . 12 2 Launcher . | . . . . Special . | . . . . Kinetic 72 | 6 56 2 8 Thermal 23 | . 9 12 2 Explosive . | . . . . Electromagnetic 67 | 6 51 10 . Robot Hit Streak 12 | 6 12 6 1 Robot Miss Streak 6 | 1 6 3 2 Penetration Max . | . . . . Secondary Targets 1 | . 1 . . Max Gunslinging Chain 1 | . 1 . . Shots Hit Robots 115 | 9 85 12 9 Core Hits 41 | 5 24 8 4 Critical Hits 2 | . 2 . . Critical Kills 1 | . 1 . . Critical Parts Destroyed 1 | . 1 . . Melee Attacks 20 | . 15 . 5 Impact . | . . . . Slashing 20 | . 15 . 5 Piercing . | . . . . Sneak Attacks 2 | . 2 . . Combat Hostiles . | . . . . Follow-up Attacks 3 | . 3 . . Damage Inflicted 1965 | 126 1407 195 237 Guns 1308 | 126 1049 70 63 Cannons 125 | . . 125 . Explosions 84 | . 84 . . Melee 448 | . 274 . 174 Ramming . | . . . . Kinetic 579 | 62 440 14 63 Thermal 266 | . 141 125 . Explosive . | . . . . Electromagnetic 672 | 64 552 56 . Impact . | . . . . Slashing 448 | . 274 . 174 Piercing . | . . . . Highest Corruption . | . . . . Average Corruption . | . . . . Corruption Purged . | . . . . Overload Shots . | . . . . Overflow Damage 119 | . 75 . 44 Projectiles . | . . . . Explosions 39 | . 39 . . Melee 80 | . 36 . 44 Knockbacks . | . . . . Impact . | . . . . Kinetic . | . . . . Secondary . | . . . . Self-Inflicted Damage 36 | . 36 . . Shots 1 | . 1 . . Rammed . | . . . . Targets Rammed . | . . . . Kicked . | . . . . Crushed . | . . . . Highest Temperature 230 | . 148 230 99 Average Temperature 54 | . 46 85 39 Received Heat Transfer 666 | . 393 . 273 Siege Activations . | . . . . Robots Corrupted 1 | . 1 . . Combat Hostiles . | . . . . Parts Fried 4 | . 4 . . Impact Corruptions . | . . . . Robots Melted . | . . . . Combat Hostiles . | . . . . Parts Melted . | . . . . Heat Transferred 433 | . 248 185 . Parts Sabotaged . | . . . . Parts Stolen . | . . . . Parts Stripped . | . . . . Power Chain Reactions 2 | . 2 . . Missiles Intercepted . | . . . . Alert | -11 -10 -10 -9 ------- Run | Scr Mat Min Mat Peak Influence 145 | 20 145 81 40 Average Influence 40 | 9 54 26 10 Maximum Alert Level . | . . . . Low Security (%) 100 | 100 100 100 100 Level 1 . | . . . . Level 2 . | . . . . Level 3 . | . . . . Level 4 . | . . . . Level 5 . | . . . . High Security . | . . . . Max Security . | . . . . Squads Dispatched 2 | . 2 . . Investigation 1 | . 1 . . Extermination . | . . . . Reinforcement 1 | . 1 . . Assault . | . . . . Garrison . | . . . . Intercept . | . . . . Construction Impeded . | . . . . Haulers Reinforced . | . . . . Stealth | -11 -10 -10 -9 --------- Run | Scr Mat Min Mat Distress Signals 1 | . 1 . . Communications Jammed . | . . . . Distress Signals . | . . . . Times Spotted 48 | . 33 7 8 Peak Tracking Total 8 | . 3 3 8 Tactical Retreats 7 | . 7 . . Traps | -11 -10 -10 -9 ------- Run | Scr Mat Min Mat Traps Triggered 7 | . 5 2 . Indirectly . | . . . . Trap Hack Attempts . | . . . . Triggered . | . . . . Disarmed . | . . . . Reprogrammed . | . . . . Reused . | . . . . Traps Extracted . | . . . . Installed . | . . . . Triggered 1 | . 1 . . Machines | -11 -10 -10 -9 ---------- Run | Scr Mat Min Mat Machines Disabled 2 | . 2 . . Max in Single Turn 1 | . 1 . . Machines Sabotaged . | . . . . Garrisons Compromised . | . . . . Overloaded Fab Kills . | . . . . Fab Network Shutdowns . | . . . . Hacking | -11 -10 -10 -9 --------- Run | Scr Mat Min Mat Machines Accessed 8 | . 7 1 . Terminals 6 | . 6 . . Fabricators . | . . . . Repair Stations 1 | . 1 . . Recycling Units . | . . . . Scanalyzers . | . . . . Garrison Access . | . . . . Total Hacks 33 | . 32 1 . Successful 22 | . 21 1 . Failed 11 | . 11 . . Catastrophic . | . . . . Database Lockouts . | . . . . Manual 19 | . 19 . . Terminals 27 | . 27 . . Fabricators . | . . . . Repair Stations 5 | . 5 . . Recycling Units . | . . . . Scanalyzers . | . . . . Garrison Access . | . . . . Terminal Hacks 11 | . 10 1 . Prototype ID Bank 1 | . 1 . . Open Door 1 | . . 1 . Branch Access Points 1 | . 1 . . Terminal Index 1 | . 1 . . Alert Level 1 | . 1 . . Unreport Threat 1 | . 1 . . Hauler Manifests 1 | . 1 . . Registered Components 1 | . 1 . . Zone Layout 3 | . 3 . . Fabricator Hacks . | . . . . Repair Station Hacks 4 | . 4 . . Scan Component 2 | . 2 . . Repair 2 | . 2 . . Recycling Unit Hacks . | . . . . Scanalyzer . | . . . . Garrison Access Hacks . | . . . . Unauthorized Hacks 15 | . 15 . . Terminals 7 | . 7 . . Track 1 | . 1 . . Botnet 6 | . 6 . . Fabricators . | . . . . Repair Stations . | . . . . Recycling Units . | . . . . Scanalyzers . | . . . . Garrison Access . | . . . . Data Cores Recovered . | . . . . Used . | . . . . Hacking Detections 6 | . 6 . . Full Trace Events 2 | . 2 . . Feedback Events . | . . . . Feedback Blocked . | . . . . Robot Schematics Acquired . | . . . . Robots Built . | . . . . Matter . | . . . . Time . | . . . . Total Robot Build Rating . | . . . . Part Schematics Acquired . | . . . . Parts Built . | . . . . Matter . | . . . . Time . | . . . . Total Part Build Rating . | . . . . Parts Repaired 2 | . 2 . . Time 52 | . 52 . . Parts Recycled . | . . . . Recycled Matter . | . . . . Retrieved Matter . | . . . . Retrieved Components . | . . . . Parts Scanalyzed . | . . . . Part Schematics Acquired . | . . . . Parts Damaged . | . . . . Bothacking | -11 -10 -10 -9 ------------ Run | Scr Mat Min Mat Used RIF Installer . | . . . . Robots Hacked . | . . . . Non-combat . | . . . . Combat . | . . . . Robot Hacks Applied . | . . . . Relay Couplers Released . | . . . . Robots Rewired . | . . . . Allies Hacked . | . . . . Hacks Repelled . | . . . . Allies | -11 -10 -10 -9 -------- Run | Scr Mat Min Mat Total Allies 3 | . . 3 . Largest Group 3 | . . 3 1 Highest-Rated Group 40 | . . 40 16 Highest-Rated Ally 16 | . . 16 16 Total Orders . | . . . . Ally Attacks 8 | . . 7 1 Total Damage 105 | . . 89 16 Kills 2 | . . 2 . Allies Corrupted . | . . . . Allies Melted . | . . . . Intel | -11 -10 -10 -9 ------- Run | Scr Mat Min Mat Robot Analysis Total . | . . . . Derelict Logs Recovered 1 | . . 1 . Drone Launches . | . . . . Drone Recoveries . | . . . . Exploration | -11 -10 -10 -9 ------------- Run | Scr Mat Min Mat Turns Passed 3516 | 132 1907 1380 97 Spaces Moved 1506 | 64 714 696 32 Core 6 | 6 . . . Treads 1500 | 58 714 696 32 Legs . | . . . . Wheels . | . . . . Hover . | . . . . Flight . | . . . . Fastest Speed 50 | 50 160 180 185 Average Speed 176 | 149 169 184 186 Slowest Speed 210 | 160 200 185 210 Overloaded Moves . | . . . . Propulsion Burnouts . | . . . . Robots Hopped . | . . . . Cave-ins Triggered . | . . . . Exploration Rate (%) 52 | 6 99 98 5 Regions Visited 3 Branch Regions 1 Pre-discovered Areas . | . . . . Known Exits Taken 2 | . 1 1 . Unknown Exits Taken 1 | 1 . . . Scrap Searched 3 | . . 3 . Spaces Dug 1 | . . 1 . Terrain Destroyed 15 | . 6 7 2 Melee . | . . . . Projectile 9 | . . 7 2 AOE 6 | . 6 . . Actions | -11 -10 -10 -9 --------- Run | Scr Mat Min Mat Total 2175 | 88 1266 765 56 Wait 478 | . 438 39 1 Move 1503 | 63 713 695 32 Hop . | . . . . Pick Up 36 | 12 16 5 3 Fast Attach 4 | 1 3 . . Attach 15 | 6 5 2 2 Detach . | . . . . Swap 19 | . 11 7 1 Drop 16 | . 7 5 4 Fire 87 | 6 61 12 8 Melee 17 | . 12 . 5 Ram . | . . . . Kick . | . . . . Crush . | . . . . Escape Stasis . | . . . . Rewire . | . . . . Trap . | . . . . Miscellaneous . | . . . . Route ------- -11/Scrapyard -10/Materials (discovered 5 exits: *Mat x3 / *Min x2) -10/Mines (discovered 2 exits: *Mat x2) -9/Materials (discovered 2 exits: [*Min] / [*Sto]) History --------- Turn | Location | Event 8 | -11/Scrapyard | Discovered new exit (range 15) 133 | -11/Scrapyard | Entered Materials 245 | -10/Materials | Discovered new exit (range 5) 317 | -10/Materials | Build established: Mutant 474 | -10/Materials | Discovered new exit (range 14) 659 | -10/Materials | Discovered new exit (range 4) 745 | -10/Materials | Discovered new exit (range 13) 948 | -10/Materials | Identified exit to Mines 1061 | -10/Materials | Repaired Lgt. Armor Plating 1089 | -10/Materials | Repaired EM Pulse Gun 1149 | -10/Materials | Discovered new exit (range 11) 1647 | -10/Materials | Core integrity fell below 50% 2040 | -10/Materials | Entered Mines 2041 | -10/Mines | Assembled infested the area 2043 | -10/Mines | Met a Derelict who couldn't figure out how to use a Trap Extractor 2046 | -10/Mines | Assisted by a Guerilla fighting off Assembled 2205 | -10/Mines | Discovered new exit (range 7) 2261 | -10/Mines | A weapon hastily lodged in a ceiling crevice suddenly fell to the ground 2438 | -10/Mines | Assisted by bots powering up and referring to "LRC-V3" 2524 | -10/Mines | Discovered new exit (range 6) 2661 | -10/Mines | Learned Materials terminal intel 2962 | -10/Mines | Destroyed YI-UF0 3210 | -10/Mines | Identified exit to Materials 3420 | -10/Mines | Entered Materials 3420 | -9/Materials | Accompanied by 1 ally 3420 | -9/Materials | Evolved 2 slots: Propulsion x1, Utility x1 3421 | -9/Materials | Loaded intel: 12 terminal locations 3466 | -9/Materials | Discovered new exit (range 16) 3466 | -9/Materials | Discovered new exit (range 16) 3516 | -9/Materials | Core integrity fell below 50% 3517 | -9/Materials | Self-destructed Last Messages --------------- 03443_ Acquired Lgt. Deuterium Engine. 03451_ R-06 Scavenger collects Imp. Terrain Scanner. 03457_ R-06 Scavenger collects Wheel. 03466_ EXIT=FOUND 03478_ Trooper 1a destroyed. 03484_ K-01 Serf collects debris. 03484_ Hvy. Particle Cannon destroyed. 03485_ Lgt. Treads destroyed. 03491_ G-34 Mercenary destroyed. 03492_ Lgt. Armor Plating destroyed. 03496_ S-10 Pest destroyed. 03501_ Assault Rifle destroyed. 03502_ Acquired 34 matter. 03504_ G-34 Mercenary destroyed. 03507_ Arm. Treads destroyed. 03509_ Destroyed Flight Unit. 03512_ Lgt. Deuterium Engine destroyed. 03513_ Destroyed Flight Unit. 03513_ Destroyed Lgt. Ion Engine. 03515_ Mak. Axe destroyed. Map ----- +----------------------------------------------------+ | ???????????????????????????????????????? | | ???????????????????????????????????????? | | ???????????????????????????????????????? | | ???????????????????????????#####???????? | | ???????????????????????##### !#???????? | | ???????""??????????????# !!#???????? | | ???????"T??????????????# !#???????? | | ???????""??????????????# !!#???????? | | ???????????????????????# =**#???????? | | ???????????????????????# = *#???????? | | ???????????????????????# #####???????? | | ???????????????????????# #???????????? | | ???????????????????????# #???????????? | | ???????????????????????# #???????????? | | ???????????????????????#u #???????????? | | ???????????????????????# #???????????? | | ???????????????????????# #???????????? | | ???????????????????????# #???????????? | | ?????????#??????#??????# #???????????? | | ????????# ###"###### #???????????? | | ???????? =% #???????????? | | ???????? < *= #???????????? | | ???????? [% g #???????????? | | ????????# ###"######Ys #???????????? | | ?????????#?????????????#s= #???????????? | | ???????????????????????# @ #???????????? | | ???????????????????????# #???????????? | | ???????????????????????# Y #???????????? | | ???????????????????????# #???????????? | | ???????????????????????+ #???????????? | | ???????????????????????# #???????????? | | ???????????????????????# #???????????? | | ???????????????????????# #???????????? | | ???????????????????????a ???????????? | | ??????????????????????? ???????????? | | ??????????????????????? < ???????????? | | ??????????????????????? #??????????? | | ??????????????????????? #??????????? | | ??????????????????????#######??????????? | | ???????????????????????????????????????? | | ???????????????????????????????????????? | | ???????????????????????????????????????? | | ???????????????????????????????????????? | | ???????????????????????????????????????? | | ???????????????????????????????????????? | | ???????????????????????????????????????? | | ???????????????????????????????????????? | | ???????????????????????????????????????? | | ???????????????????????????????????????? | | ???????????????????????????????????????? | +----------------------------------------------------+ Best States ------------- Heat Dissipation 28 Energy Generation 14 Energy Capacity 250 Matter Stores 300 Matter Capacity 300 Sight Range 16 Terrain Scan Range 16 Terrain Scan Density 10 Armor Coverage 150 Evasion (%) 40 Recoil Reduction 2 Item Schematics ----------------- None Robot Schematics ------------------ None Fabricated ------------ Nothing Alien Tech Used ----------------- None Achievements -------------- None Challenges ------------ None Game ------ Seed DisposableDisposableSink Manual? 0 Play Time 00:37:24 Cumulative 24.8 hours Start 2019.11.19 @ 14:11:12 End 2019.11.19 @ 14:46:22 Sessions 1 Manual Loads 0 Difficulty Rogue Special Mode None Game No. 34 Rogue 34 Adventurer 0 Explorer 0 Win Type - Total 0 Types 0/0/0/0/0/0/0 Lore% 21 Gallery% 16 Achievement% 19 Wizard Run 0 Options --------- ASCII 0 Keyboard 0 Movement Mouse Keybinds 0 Fullscreen 1 Font 18/X11 Map View 76x50 Tactical HUD 1 Map Filters NONE Filters LOW_CONTRAST(13,24,33) Steam 1 RUN: 84052b04-cd8d-4b94-994a-462aef015738